 Dungeon Crawl Stone Soup version 0.30.0-29-ga12c61a403 (webtiles) character file.

Game seed: 18342373511697198435

14 IndexError the Magician (level 2, 21/21 HPs)
             Began as a Djinni Conjurer on June 7, 2023.
             Was a Follower of Lugonu.
             Quit the game on level 1 of the Dungeon.
             The game lasted 00:00:45 (358 turns).

IndexError the Magician (Djinni Conjurer)            Turns: 358, Time: 00:00:46

Health: 21/21      AC:  2    Str:  6    XL:     2   Next: 60%
Gold:   9          EV: 12    Int: 19    God:    Lugonu [*.....] SH:  0 Dex: 11

rFire   + + .        b - +0 dagger
rCold   x . .        (no shield)
rNeg    . . .        a - +0 robe
rPois   ∞            (no helmet)
rElec   .            (no cloak)
rCorr   .            (no gloves)
SInv    .            (boots unavailable)
Will    .....        (no amulet)
Stlth   ++           (no ring)
HPRegen 0.23/turn    (no ring)
MPRegen 0.00/turn

%: no passive effects
@: flying
A: sickness immunity, fire resistance 2, cold vulnerability 1, float, innate
caster, HP casting, extra vitality 1
a: Renounce Religion, Depart the Abyss


You were on level 1 of the Dungeon.
You worshipped Lugonu.
Lugonu was aware of your devotion.
You visited 1 branch of the dungeon, and saw 1 of its levels.

You collected 9 gold pieces.

Inventory:

Hand Weapons
 b - a +0 dagger (weapon)
   (You took it off a kobold on level 1 of the Dungeon)
Armour
 a - a +0 robe (worn)
Scrolls
 c - a scroll of identify {unknown}
 e - a scroll of fear {unknown}
Potions
 d - a potion of lignification {unknown}
 f - a potion of curing {unknown}


   Skills:
 - Level 2.1 Dodging
 - Level 1.5 Stealth
 + Level 3.7 Spellcasting


You knew the following spells:

 Your Spells              Type           Power      Damage    Failure   Level
a - Magic Dart            Conj           68%        1d6       3%          1
b - Searing Ray           Conj           34%        2d5       4%          2
c - Dazzling Flash        Conj/Hex       34%        N/A       9%          3
d - Fulminant Prism       Conj/Hex       8%         3d6       30%         4
x - Iskenderun's Mystic   Conj/Tloc      17%        2d5       30%         4
Your spell library was empty.

Dungeon Overview and Level Annotations

Branches:
Dungeon (1/15)

Altars:
Lugonu

Shops:
D:1 [


Innate Abilities, Weirdness & Mutations

You are immune to sickness and miasma.
You are immune to poison.
Your flesh is very heat resistant. (rF++)
You are vulnerable to cold. (rC-)
You float through the air rather than walking.
You learn spells naturally, not from books.
Your magical power is your life essence.
You have superior vitality. (+4 MHP)


Message History

b - a +0 dagger (weapon)
c - a scroll labelled ANOCSEIFU You can't see any susceptible monsters within range! (Use Z to cast anyway.)
You can't see any susceptible monsters within range! (Use Z to cast anyway.)
A frilled lizard comes into view.
The frilled lizard hisses angrily.
A frilled lizard is nearby!
You miscast Magic Dart.
You are very lightly contaminated with residual magic.
Nothing appears to happen.
You miscast Magic Dart.
Nothing appears to happen.
The frilled lizard barely misses you.
You take 1 damage, and have 20/21 hp.
The magic dart hits the frilled lizard.
You take 1 damage, and have 19/21 hp.
You can't see any susceptible monsters within range! (Use Z to cast anyway.)
You can't see any susceptible monsters within range! (Use Z to cast anyway.)
Your magical contamination has completely faded away.
You see here a frilled lizard corpse.
You see here a frilled lizard corpse.
A hobgoblin comes into view.
Health restored: 21 A hobgoblin is nearby!
A hobgoblin is nearby!
The magic dart hits the hobgoblin.
The hobgoblin shouts!
You take 1 damage, and have 20/21 hp.
The magic dart hits the hobgoblin.
You take 1 damage, and have 19/21 hp.
You can't see any susceptible monsters within range! (Use Z to cast anyway.)
You can't see any susceptible monsters within range! (Use Z to cast anyway.)
You see here a ball python corpse.
An endoplasm comes into view.
Health restored: 21 An endoplasm is nearby!
An endoplasm is nearby!
The magic dart hits the endoplasm.
The endoplasm quivers.
You take 1 damage, and have 20/21 hp.
The magic dart hits the endoplasm.
You take 1 damage, and have 19/21 hp.
You can't see any susceptible monsters within range! (Use Z to cast anyway.)
Found Ziuku's Antique Armour Emporium.
Health restored: 21
d - a dark potion
There is an entrance to Ziuku's Antique Armour Emporium here.
e - a scroll labelled QOSOIPRIHAT
f - a lumpy ruby potion A frilled lizard comes into view.
The magic dart hits the frilled lizard.
The frilled lizard hisses angrily.
You take 1 damage, and have 20/21 hp.
The magic dart hits the frilled lizard.
You take 1 damage, and have 19/21 hp.
You can't see any susceptible monsters within range! (Use Z to cast anyway.)
You can't see any susceptible monsters within range! (Use Z to cast anyway.)
You now have 9 gold pieces.
You see here a frilled lizard corpse.
You see here a frilled lizard corpse.
You reach down and open the door.
Found a faded altar of an unknown god.
Health restored: 21 You can't see any susceptible monsters within range! (Use Z to cast anyway.)
You can't see any susceptible monsters within range! (Use Z to cast anyway.)
There is an open door here.
You reach down and open the door.
An endoplasm is nearby!
The magic dart hits the endoplasm.
You take 1 damage, and have 20/21 hp.
The magic dart hits the endoplasm.
You can't see any susceptible monsters within range! (Use Z to cast anyway.)
There is an open door here.
There is a faded altar of an unknown god here.
You reach down and open the door.
There is an open door here.
You reach down and open the door.
A rat comes into view.
Found a stone staircase leading down.
There is an open door here.
Health restored: 21 The magic dart hits the rat.
You take 1 damage, and have 20/21 hp.
The magic dart hits the rat.
You take 1 damage, and have 19/21 hp.
You can't see any susceptible monsters within range! (Use Z to cast anyway.)
You can't see any susceptible monsters within range! (Use Z to cast anyway.) Search for what [? for help]? alt
There is an open door here.
There is a faded altar of an unknown god here.
Health restored: 21 This altar belongs to (a) Ashenzari, (b) Cheibriados or (c) Lugonu, but you can't tell which.
Press the corresponding letter to learn more about a god, or press enter to convert or escape to cancel.
Lugonu accepts your prayer! Lugonu welcomes you!
You can now depart the Abyss.
Are you sure you want to abandon this character and quit the game? (Confirm with "yes".)
Okay, then.
Unknown command.
Press < or > to pray at altars.
Unknown command.
Press < or > to pray at altars.
Are you sure you want to abandon this character and quit the game? (Confirm with "yes".)

#[..+.....†........
#...#.###.#######..
#[..........# #######
......###.#.# #.....#
#.....#...#.# #'###.#
#.......#.#.#####P..#.###
#..............####.#.#.###...
......##.######P...8.'.....†.
...#.....#####P@.#####.###...
.. #.###.'.8....## ... . ..
#.#.#.#### #.#.. ### #.#.#...#
.# .# #.#.###'# ># # #.#P....#
. #.####### # ... #.#


There were no monsters in sight!

Vanquished Creatures
  A dart slug (D:1)
  A bat (D:1)
  2 endoplasms (D:1)
  A goblin (D:1)
  A hobgoblin (D:1)
  A kobold (D:1)
  2 ball pythons (D:1)
  2 frilled lizards (D:1)
  A rat (D:1)
12 creatures vanquished.

Notes
Turn   | Place    | Note
-------+----------+-------------------------------------------
     0 | D:1      | IndexError the Djinni Conjurer began the quest for the Orb.
     0 | D:1      | IndexError set off with the following spells memorised:
                  | Magic Dart, Searing Ray, Dazzling Flash, Fulminant Prism,
                  | Iskenderun's Mystic Blast.
     0 | D:1      | Reached XP level 1. HP: 15/15 MP: 0/0
   112 | D:1      | Reached XP level 2. HP: 20/21 MP: 0/0
   219 | D:1      | Found Ziuku's Antique Armour Emporium.
   303 | D:1      | Found a faded altar of an unknown god.
   357 | D:1      | Prayed at the altar of an unknown god.
   357 | D:1      | Became a worshipper of Lugonu the Unformed
   357 | D:1      | Reached * piety under Lugonu
   358 | D:1      | Quit the game

Illustrated notes

Levels and vault maps discovered:
D:1:      lordsloth_arrival_two_stooges, layout_basic,
          shapermc_ecumenical_altar_ellora, serial_shops, shop

Action                     || total
---------------------------++-------
   Cast: Magic Dart        ||    22
 Armour: Robe              ||     2
  Dodge: Dodged            ||     1

Levels and vault maps discovered:
D:1:      lordsloth_arrival_two_stooges, layout_basic,
          shapermc_ecumenical_altar_ellora, serial_shops, shop

Table legend: (Time is in decaauts)
 A = Elapsed time spent in this place.
 B = Non-inter-level travel time spent in this place.
 C = Inter-level travel time spent in this place.
 D = Time resting spent in this place.
 E = Time spent auto-exploring this place.
 F = Levels seen in this place.
 G = Mean time per level.
                   A        B        C        D        E       F      G
               +--------+--------+--------+--------+--------+-----+--------+
         Total |    357 |    345 |     12 |      0 |    295 |   1 |  357.0 |
       Dungeon |    357 |    345 |     12 |      0 |    295 |   1 |  357.0 |
               +--------+--------+--------+--------+--------+-----+--------+

Top non-repeatable levels by time:
     D:1: 357 daAuts

Table legend:
 A = Kills in this place as a percentage of kills in the entire game.
 B = Kills by you in this place as a percentage of kills by you in the entire game.
 C = Kills by friends in this place as a percentage of kills by friends in the entire game.
 D = Other kills in this place as a percentage of other kills in the entire game.
 E = Experience gained in this place as a percentage of experience gained in the entire game.
 F = Experience gained in this place divided by the number of levels of this place that you have seen.
                   A       B       C       D       E      F
               +-------+-------+-------+-------+-------+----------------------
         Total | 100.0 | 100.0 |   N/A |   N/A | 100.0 |  21.0
       Dungeon | 100.0 | 100.0 |   N/A |   N/A | 100.0 |  21.0
               +-------+-------+-------+-------+-------+----------------------
